 Dungeon Crawl Stone Soup version 0.18-a0-1655-ge2d8d33 (webtiles) character file.

39 Etesian the Firebug (level 3, -1/19 HPs)
             Began as a Deep Elf Fire Elementalist on Mar 31, 2016.
             Slain by a rat (3 damage)
             ... on level 3 of the Dungeon.
             The game lasted 00:07:56 (1443 turns).

Etesian the Firebug (Deep Elf Fire Elementalist)    Turns: 1443, Time: 00:07:57

Health: -1/19      AC:  3    Str:  5    XL:     3   Next: 28%
Magic:  0/9        EV: 16    Int: 20    God:
Gold:   120        SH:  0    Dex: 15    Spells: 3 memorised, 2 levels left

rFire  . . .     SeeInvis .     q - +0 dagger
rCold  . . .     Gourm    .     a - +0 robe
rNeg   . . .     Faith    .     (no shield)
rPois  .         Spirit   .     (no helmet)
rElec  .         Dismiss  .     (no cloak)
rCorr  .         Reflect  .     r - +0 pair of gloves
SustAt .         Harm     .     (no boots)
MR     .....                    (no amulet)
Stlth  ++........               (no ring)
                                m - +3 ring of evasion

@: not resistant to hostile enchantments, unstealthy
A: no striking features
a: no special abilities


You were on level 3 of the Dungeon.
You were hungry.

You visited 1 branch of the dungeon, and saw 3 of its levels.

You collected 120 gold pieces.

Inventory:

Hand Weapons
 q - a +0 dagger (weapon)
Armour
 a - a +0 robe (worn)
 r - a +0 pair of gloves (worn)
Jewellery
 m - a +3 ring of evasion (left hand)
Wands
 d - a wand of paralysis (11/24)
 g - a wand of acid (7/15)
Scrolls
 f - a scroll of amnesia {unknown}
 n - a scroll of fear
 o - a scroll of remove curse
 t - a scroll of teleportation {unknown}
Potions
 e - a potion of agility {unknown}
 h - a potion of haste {unknown}
 i - a potion of curing
 j - 2 potions of brilliance {unknown}
 k - a potion of flight
 l - a potion of heal wounds {unknown}
Books
 b - a book of Flames

   Spells                             Type                      Level
   a - Flame Tongue                   Conjuration/Fire             1
   b - Throw Flame                    Conjuration/Fire             2
   c - Conjure Flame                  Conjuration/Fire             3
   d - Inner Flame                    Hexes/Fire                   3
   e - Sticky Flame                   Conjuration/Fire             4
   f - Fireball                       Conjuration/Fire             5
Comestibles
 c - 3 bread rations
 p - 2 meat rations
 s - 2 chunks of flesh


   Skills:
 + Level 2.7 Dodging
 - Level 2.4 Stealth
 + Level 3.4 Spellcasting
 * Level 2.3 Conjurations
 * Level 3.8 Fire Magic


You had 2 spell levels left.
You knew the following spells:

 Your Spells              Type           Power        Failure   Level  Hunger
a - Flame Tongue          Conj/Fire      ###..        4%          1    None
b - Throw Flame           Conj/Fire      ###...       10%         2    ##.....
c - Conjure Flame         Conj/Fire      ###.....     14%         3    ###....


Dungeon Overview and Level Annotations

Branches:
Dungeon (3/15)

Altars:
Fedhas
Gozag
Makhleb
Okawaru


Message History

Confirm with . or Enter, or press ? or * to list all spells.
Aiming: Throw Flame
Press: ? - help, Shift-Dir - straight line, f - adder, p - phantom
Aim: an adder The puff of flame hits the adder.
The adder is heavily wounded.
The rat bites you but does no damage.
Casting: Throw Flame
Confirm with . or Enter, or press ? or * to list all spells.
Aiming: Flame Tongue
Press: ? - help, Shift-Dir - straight line, f/p - adder
Aim: an adder (heavily wounded)
The flame tongue hits the adder.
The adder is severely wounded.
The adder misses you. The rat bites you but does no damage.
The adder barely misses you.
You closely miss the adder.
The adder is severely wounded.
The rat bites you.
You die...

#........## #.........# #######
..........# #.....#
..........####....###
.............#....#_#
............##.....##.##
...#############....#...#
........#######....##...##
........#...S@.....#.....#
............r....###.....###
.....>.........###....8....###
................###......#......#
....$.......W÷###_.....8###8.....
................###......#......#
..................###....8....###
?........#.#........###.....###
...######..........÷..#.....#


You could see a phantom, an adder and a rat.

Vanquished Creatures
  An adder (D:2)
  2 worms (D:2)
  A giant gecko (D:3)
  A giant cockroach (D:3)
  2 goblins (D:2)
  2 hobgoblins
  2 jackals (D:2)
  A ball python (D:1)
  A bat (D:1)
  2 giant newts
  6 kobolds
  5 rats
26 creatures vanquished.

Notes
Turn   | Place    | Note
--------------------------------------------------------------
     0 | D:1      | Etesian the Deep Elf Fire Elementalist began the quest for the Orb.
     0 | D:1      | Reached XP level 1. HP: 10/10 MP: 6/6
   350 | D:1      | Reached XP level 2. HP: 12/15 MP: 8/8
   357 | D:1      | Learned a level 2 spell: Throw Flame
   892 | D:2      | Reached XP level 3. HP: 19/19 MP: 6/9
   900 | D:2      | Learned a level 3 spell: Conjure Flame
  1154 | D:3      | Found an opulent altar of Gozag.
  1365 | D:3      | Found a burning altar of Makhleb.
  1369 | D:3      | Found an iron altar of Okawaru.
  1374 | D:3      | Found a blossoming altar of Fedhas.
  1405 | D:3      | Noticed a phantom
  1443 | D:3      | Slain by a rat

Vault maps used:
D:1:      dpeg_arrival_round_b, grunt_decor_arrowhead
D:2:      first_bread
D:3:      nicolae_overflow_crystal_walls, old_standard_altar,
          minmay_overflow_temple_star_quad, overflow_temple_1_default,
          amethyst_killhole, kennysheep_generic_room_15, uniq_jessica,
          uniq_purgy, uniq_sigmund

Skill      XL: |  1  2 |
---------------+-------+-----
Conjurations   | 2 |  2.3
Dodging        | |  2.7
Stealth        | |  2.4
Spellcasting   | |  3.4
Fire Magic     | |  3.8

Action                   || total
-------------------------++-------
Melee: Whip              ||    32
       Dagger            ||    31
 Cast: Flame Tongue      ||    14
       Throw Flame       ||    31
  Use: Scroll            ||     6
 Stab: Sleeping          ||     4
  Eat: Chunk             ||     2
